AoeStats
← pifitofo

Black Forest

504540524Analyzed
4v4 RM · 28d ago on Sep 5, 2026· 50m 44s· 8 players
Game mode
Random Map
Map size
Large (8 player)
Population
200
Speed
Normal
Resources
Standard
Victory
Conquest
Starting age
Dark Age
Ending age
Imperial Age
RankedLock teamsTeams togetherTeam positionsShared explorationLock speedFull tech treeHidden civsTurbo modeCheats
Victory
Defeat
🇲🇽 Bohemians · Mexico
959
+15
🇨🇦 Koreans · Canada
948
+15
🇲🇽 Koreans · Mexico
914
+17
🇺🇸 Cumans · United States
895
+17
🇫🇮 Mongols · Finland
981
-18
🇭🇰 Burgundians · Hong Kong SAR China
948
-17
🇫🇮 Ethiopians · Finland
913
-15
🇨🇴 Persians · Colombia
869
-14
Bigbird
0:30 Loom
13:55 Feudal Age
18:03 Castle Age
16:05 Double-Bit Axe
16:03 Horse Collar
17:34 Stone Mining
19:23 Bow Saw
19:51 Heavy Plow
26:10 Wheelbarrow
26:20 Wheelbarrow
25:55 Gold Mining
27:29 Scale Mail Armor
28:52 Gold Shaft Mining
32:41 Imperial Age
31:16 Chain Mail Armor
31:11 Forging
30:37 Pikeman
31:19 Squires
31:10 Arson
32:41 Heavy Rocket Cart
32:46 Halberdier
34:36 Plate Mail Armor
47:30 Iron Casting
pifitofo
1:37 Loom
14:56 Feudal Age
20:46 Castle Age
19:24 Double-Bit Axe
19:21 Horse Collar
26:48 Wheelbarrow
31:38 Hand Cart
34:32 Bow Saw
34:26 Heavy Plow
34:33 Gold Mining
34:33 Stone Mining
37:56 Imperial Age
35:22 Fletching
36:05 Bodkin Arrow
36:14 Caravan
36:54 Scale Mail Armor
37:00 Scale Barding Armor
37:46 Forging
38:22 Gold Shaft Mining
38:23 Stone Shaft Mining
38:16 Ballistics
38:44 Bracer
39:50 Chemistry
38:39 Gambesons
39:31 Conscription
38:33 Elite War Wagon
40:48 Two-Man Saw
41:24 Chain Barding Armor
41:40 Iron Casting
41:49 Chain Mail Armor
41:14 Elite Fire Lancer
43:08 Treadmill Crane
42:55 Pikeman
45:59 Halberdier
48:18 Plate Mail Armor
alexisxsegura
1:47 Loom
14:39 Feudal Age
18:55 Castle Age
20:06 Double-Bit Axe
23:12 Imperial Age
23:39 Chemistry
23:07 Forging
23:28 Horse Collar
24:43 Iron Casting
28:20 Scale Mail Armor
30:13 Chain Mail Armor
31:37 Heavy Plow
35:37 Wheelbarrow
35:31 Town Watch
37:17 Fortified Wall
38:46 Treadmill Crane
39:16 Masonry
40:44 Fletching
42:11 Bodkin Arrow
43:35 Architecture
44:24 Bracer
45:29 Hand Cart
46:35 Plate Mail Armor
47:22 Caravan
47:53 Coinage
48:08 Squires
47:53 Arson
47:29 Pikeman
48:34 Padded Archer Armor
49:35 Blast Furnace
50:14 Conscription
50:06 Halberdier
VKVendetta
0:27 Loom
13:38 Feudal Age
20:59 Wheelbarrow
20:52 Horse Collar
26:37 Castle Age
25:17 Double-Bit Axe
27:38 Town Watch
28:57 Forging
28:53 Scale Barding Armor
29:31 Bow Saw
29:24 Heavy Plow
34:08 Imperial Age
32:51 Hand Cart
33:18 Squires
32:39 Pikeman
35:09 Chain Barding Armor
34:40 Fletching
34:51 Padded Archer Armor
35:30 Parthian Tactics
35:20 Bloodlines
36:24 Caravan
37:02 Conscription
36:47 Steppe Husbandry
37:00 Elite Steppe Lancer
39:30 Thumb Ring
41:02 Plate Barding Armor
41:03 Iron Casting
40:30 Scale Mail Armor
43:56 Bodkin Arrow
45:21 Halberdier
47:14 Stone Mining
48:42 Gold Mining
48:36 Elite Kipchak
haratass
1:40 Loom
11:26 Feudal Age
16:00 Castle Age
13:57 Double-Bit Axe
15:29 Horse Collar
19:52 Gold Mining
22:50 Wheelbarrow
23:31 Heavy Plow
26:18 Fletching
27:02 Bloodlines
26:53 Husbandry
31:42 Imperial Age
30:45 Gold Shaft Mining
29:55 Light Cavalry
30:47 Caravan
31:09 Hand Cart
31:22 Forging
31:18 Scale Barding Armor
32:48 Conscription
33:14 Drill
32:17 Hussar
33:36 Iron Casting
33:21 Chain Barding Armor
34:27 Chemistry
33:44 Capped Ram
34:36 Town Watch
36:09 Blast Furnace
36:23 Ballistics
35:45 Heavy Scorpion
35:50 Heavy Camel Rider
36:48 Fletching
39:16 Siege Ram
41:10 Siege Engineers
44:24 Town Patrol
oscarivanrt1
0:46 Loom
15:06 Feudal Age
16:45 Wheelbarrow
15:59 Double-Bit Axe
17:28 Horse Collar
24:31 Castle Age
22:20 Town Watch
22:41 Gold Mining
25:57 Hand Cart
25:56 Bow Saw
38:11 Stone Mining
41:42 Fletching
41:52 Padded Archer Armor
42:59 Thumb Ring
42:40 Crossbowman
44:19 Kamandaran
45:41 Ballistics
hqitbkv
0:30 Loom
13:18 Feudal Age
11:44 Double-Bit Axe
17:39 Castle Age
19:42 Wheelbarrow
18:50 Horse Collar
21:21 Bow Saw
21:32 Gold Mining
21:34 Stone Mining
26:16 Hand Cart
27:05 Two-Man Saw
26:36 Treadmill Crane
27:35 Gold Shaft Mining
27:37 Stone Shaft Mining
27:18 Heavy Plow
28:38 Scale Barding Armor
31:14 Imperial Age
28:29 Cavalier
29:52 Forging
30:03 Chain Barding Armor
30:20 Husbandry
31:22 Paladin
32:41 Iron Casting
36:21 Blast Furnace
38:23 Conscription
41:00 Chemistry
39:49 Capped Ram
42:25 Onager
Fluffipro
1:00 Loom
12:22 Feudal Age
17:28 Castle Age
16:02 Double-Bit Axe
16:32 Horse Collar
27:03 Bow Saw
29:54 Imperial Age
28:00 Wheelbarrow
27:11 Town Watch
28:38 Royal Heirs
30:21 Elite Skirmisher
31:13 Thumb Ring
31:44 Heavy Plow
32:33 Fletching
32:44 Padded Archer Armor
32:58 Forging
35:54 Crossbowman
36:51 Hand Cart
36:36 Town Patrol
39:11 Caravan
39:31 Arson
39:47 Squires
47:17 Scale Barding Armor
47:12 Scale Mail Armor
47:16 Murder Holes
Connection lost

Rejoining the realm…

Still unreachable

The connection could not be restored.

Session expired

The server has moved on; the page needs a fresh start.